3A
GALESBURG GUZZLERS @ PUT-IN-BAY BC
07/27/2028
 
TOP OF THE 1ST
Galesburg Guzzlers batting - Pitching for Put-In-Bay BC : RHP Barry Mullen
Pitching: RHP Barry Mullen
Batting: RHB Sébastien Bernard 0-0: Called Strike
0-1: Swinging Strike
0-2: Ball
1-2: Foul Ball, location: 2F
1-2: Foul Ball, location: 2F
1-2: Ball
2-2: Foul Ball, location: 2F
2-2: Strikes out swinging
Batting: RHB Jack Stidston 0-0: Ground out 6-3 (Groundball, 6M)
Batting: SHB Billy Dotson 0-0: Ball
1-0: Ball
2-0: Ball
3-0: Base on Balls
Batting: LHB Ángelo Corona 0-0: Foul Ball, location: 2F
0-1: Ball
1-1: Called Strike
1-2: Ground out 4-3 (Groundball, 34)
Top of the 1st over - 0 run(s), 0 hit(s), 0 error(s), 1 left on base; Galesburg 0 - Put-In-Bay 0
BOTTOM OF THE 1ST
Put-In-Bay BC batting - Pitching for Galesburg Guzzlers : LHP Tod Whipple
Pitching: LHP Tod Whipple
Batting: RHB Oscar McMillan 0-0: Swinging Strike
0-1: Fly out, F9 (Flyball, 9LM)
Batting: RHB Andrew Cantrell 0-0: Ball
1-0: Foul Ball, location: 2F
1-1: Ball
2-1: Foul Ball, location: 2F
2-2: Ball
3-2: Foul Ball, location: 2F
3-2: Ground out 5-3 (Groundball, 56S)
Batting: RHB Juan Tellado 0-0: Called Strike
0-1: Ball
1-1: Ball
2-1: SINGLE (Groundball, 6MD)
Batting: SHB Theron Montecalvo 0-0: Ball
1-0: Called Strike
1-1: Ball
2-1: Foul Ball, location: 2F
2-2: Ball
3-2: DOUBLE (Flyball, 9LM)
Juan Tellado to third
Juan Tellado scores
Batting: RHB Alejandro Márquez 0-0: Called Strike
0-1: Ball
1-1: Ground out 6-3 (Groundball, 6)
Bottom of the 1st over - 1 run(s), 2 hit(s), 0 error(s), 1 left on base; Galesburg 0 - Put-In-Bay 1
TOP OF THE 2ND
Galesburg Guzzlers batting - Pitching for Put-In-Bay BC : RHP Barry Mullen
Batting: SHB Willie McGirt 0-0: Foul Ball, location: 2F
0-1: Swinging Strike
0-2: Strikes out looking
Batting: LHB Pedro Gutiérrez 0-0: Called Strike
0-1: SINGLE (Line Drive, 7S)
Batting: RHB Bastiaan Pieterse 0-0: Fly out, F8 (Flyball, 8RM)
Batting: RHB Pacu Martic 0-0: Ball
1-0: Ball
2-0: SINGLE (Line Drive, 89S)
Pedro Gutiérrez to second
Runner from 2nd tries for 3rd, SAFE, throw made to third
Batting: RHB Derek Bouch 0-0: Ball
1-0: Ball
2-0: Fielders Choice at 2nd, 4-6 (Groundball, 4)
Top of the 2nd over - 0 run(s), 2 hit(s), 0 error(s), 1 left on base; Galesburg 0 - Put-In-Bay 1
BOTTOM OF THE 2ND
Put-In-Bay BC batting - Pitching for Galesburg Guzzlers : LHP Tod Whipple
Batting: RHB Brock Dean 0-0: Called Strike
0-1: SINGLE (Line Drive, 4MD)
Batting: LHB Vladya Pugiev 0-0: SINGLE (Flyball, 8LS)
Brock Dean to second
Batting: RHB Mike Elzey 0-0: Ball
1-0: Called Strike
1-1: Foul Ball, location: 2F
1-2: Foul Ball, location: 2F
1-2: Ball
2-2: Reached on error, E5 (Groundball, 56)
Brock Dean to third
Vladya Pugiev to second
Batting: RHB Steven Rohrs 0-0: Called Strike
0-1: Fielders Choice at 3rd, U5 (Groundball, 5L)
Brock Dean scores
Mike Elzey to second
Batting: RHB Oscar McMillan 0-0: Foul Ball, location: 2F
0-1: Ball
1-1: Ball
2-1: Swinging Strike
2-2: Strikes out looking
Batting: RHB Andrew Cantrell 0-0: Foul Ball, location: 2F
0-1: Swinging Strike
0-2: Ball
1-2: Fielders Choice at 2nd, 6-4 (Groundball, 6)
Bottom of the 2nd over - 1 run(s), 2 hit(s), 1 error(s), 1 left on base; Galesburg 0 - Put-In-Bay 2
TOP OF THE 3RD
Galesburg Guzzlers batting - Pitching for Put-In-Bay BC : RHP Barry Mullen
Batting: RHB Sébastien Bernard 0-0: Called Strike
0-1: Swinging Strike
0-2: Foul Ball, location: 2F
0-2: Ball
1-2: Ball
2-2: Foul Ball, location: 2F
2-2: Ground out 6-3 (Groundball, 6)
Batting: RHB Jack Stidston 0-0: Ball
1-0: Foul Ball, location: 2F
1-1: Ground out 4-3 (Groundball, 4)
Batting: SHB Billy Dotson 0-0: Called Strike
0-1: Swinging Strike
0-2: Ball
1-2: Foul Ball, location: 2F
1-2: Foul Ball, location: 2F
1-2: Ball
2-2: Strikes out swinging
Top of the 3rd over - 0 run(s), 0 hit(s), 0 error(s), 0 left on base; Galesburg 0 - Put-In-Bay 2
BOTTOM OF THE 3RD
Put-In-Bay BC batting - Pitching for Galesburg Guzzlers : LHP Tod Whipple
Batting: RHB Juan Tellado 0-0: Ball
1-0: Ball
2-0: Foul Ball, location: 2F
2-1: Foul Ball, location: 2F
2-2: Ball
3-2: Base on Balls
Batting: SHB Theron Montecalvo 0-0: Ball
1-0: Ball
2-0: DOUBLE (Flyball, 89M)
Juan Tellado to third
Runner from 3rd tries for Home, SAFE, no throw
Pitching: RHP Tony DeWitt
Batting: RHB Alejandro Márquez 0-0: Ball
1-0: Ball
2-0: Ball
3-0: Swinging Strike
3-1: Called Strike
3-2: Ground out 6-3 (Groundball, 6)
Batting: RHB Brock Dean 0-0: Ball
1-0: Ground out 4-3 (Groundball, 4)
Theron Montecalvo to third
Batting: LHB Vladya Pugiev 0-0: Ball
1-0: SINGLE (Groundball, 34D)
Theron Montecalvo scores
Batting: RHB Mike Elzey 0-0: Called Strike
0-1: Called Strike
0-2: Ball
Vladya Pugiev steals 2nd base
1-2: Strikes out swinging
Bottom of the 3rd over - 2 run(s), 2 hit(s), 0 error(s), 1 left on base; Galesburg 0 - Put-In-Bay 4
TOP OF THE 4TH
Galesburg Guzzlers batting - Pitching for Put-In-Bay BC : RHP Barry Mullen
Batting: LHB Ángelo Corona 0-0: Foul Ball, location: 2F
0-1: Swinging Strike
0-2: Foul Ball, location: 2F
0-2: Ball
1-2: Ball
2-2: Foul Ball, location: 2F
2-2: Ball
3-2: Strikes out swinging
Batting: SHB Willie McGirt 0-0: Ball
1-0: Called Strike
1-1: Fly out, F4 (Line Drive, 4M)
Batting: LHB Pedro Gutiérrez 0-0: Ball
1-0: Called Strike
1-1: Ball
2-1: Foul Ball, location: 2F
2-2: Ground out 6-3 (Groundball, 6S)
Top of the 4th over - 0 run(s), 0 hit(s), 0 error(s), 0 left on base; Galesburg 0 - Put-In-Bay 4
BOTTOM OF THE 4TH
Put-In-Bay BC batting - Pitching for Galesburg Guzzlers : RHP Tony DeWitt
Batting: RHB Steven Rohrs 0-0: Foul Ball, location: 2F
0-1: SINGLE (Groundball, 4D)
Batting: RHB Oscar McMillan 0-0: SINGLE (Groundball, 6MD)
Steven Rohrs to second
Batting: RHB Andrew Cantrell 0-0: Swinging Strike
0-1: Ball
1-1: Swinging Strike
1-2: Strikes out looking
Batting: RHB Juan Tellado 0-0: Foul Ball, location: 2F
0-1: Fly out, F5 (Line Drive, 5)
Batting: SHB Theron Montecalvo 0-0: Ball
1-0: Ball
2-0: Called Strike
2-1: Swinging Strike
2-2: Strikes out swinging
Bottom of the 4th over - 0 run(s), 2 hit(s), 0 error(s), 2 left on base; Galesburg 0 - Put-In-Bay 4
TOP OF THE 5TH
Galesburg Guzzlers batting - Pitching for Put-In-Bay BC : RHP Barry Mullen
Batting: RHB Bastiaan Pieterse 0-0: Called Strike
0-1: Fly out, F4 (Line Drive, 4D)
Batting: RHB Pacu Martic 0-0: Called Strike
0-1: Fly out, F7 (Flyball, 7S)
Batting: RHB Derek Bouch 0-0: Ball
1-0: Called Strike
1-1: Ground out 5-3 (Groundball, 5)
Top of the 5th over - 0 run(s), 0 hit(s), 0 error(s), 0 left on base; Galesburg 0 - Put-In-Bay 4
BOTTOM OF THE 5TH
Put-In-Bay BC batting - Pitching for Galesburg Guzzlers : RHP Tony DeWitt
Batting: RHB Alejandro Márquez 0-0: Ground out 4-3 (Groundball, 4)
Batting: RHB Brock Dean 0-0: Called Strike
0-1: Called Strike
0-2: Ball
1-2: Strikes out swinging
Batting: LHB Vladya Pugiev 0-0: Ball
1-0: Foul Ball, location: 2F
1-1: Fly out, F2 (Popup, 4S)
Bottom of the 5th over - 0 run(s), 0 hit(s), 0 error(s), 0 left on base; Galesburg 0 - Put-In-Bay 4
TOP OF THE 6TH
Galesburg Guzzlers batting - Pitching for Put-In-Bay BC : RHP Barry Mullen
Batting: RHB Sébastien Bernard 0-0: Fly out, F8 (Flyball, 8LM)
Batting: RHB Jack Stidston 0-0: Ball
1-0: Ground out U3 (Groundball, 3S)
Batting: SHB Billy Dotson 0-0: Called Strike
0-1: Swinging Strike
0-2: Ground out 6-3 (Groundball, 6M)
Top of the 6th over - 0 run(s), 0 hit(s), 0 error(s), 0 left on base; Galesburg 0 - Put-In-Bay 4
BOTTOM OF THE 6TH
Put-In-Bay BC batting - Pitching for Galesburg Guzzlers : RHP Tony DeWitt
Batting: RHB Mike Elzey 0-0: Ball
1-0: Called Strike
1-1: Ground out 1-3 (Groundball, 13S)
Batting: RHB Steven Rohrs 0-0: Called Strike
0-1: Ground out 4-3 (Groundball, 4)
Batting: RHB Oscar McMillan 0-0: Ball
1-0: Ball
2-0: Ball
3-0: Base on Balls
Batting: RHB Andrew Cantrell 0-0: Ground out 5-3 (Groundball, 25)
Bottom of the 6th over - 0 run(s), 0 hit(s), 0 error(s), 1 left on base; Galesburg 0 - Put-In-Bay 4
TOP OF THE 7TH
Galesburg Guzzlers batting - Pitching for Put-In-Bay BC : RHP Barry Mullen
Batting: LHB Ángelo Corona 0-0: Foul Ball, location: 2F
0-1: Called Strike
0-2: Strikes out swinging
Batting: SHB Willie McGirt 0-0: Ball
1-0: Ball
2-0: Ball
3-0: Called Strike
3-1: Swinging Strike
3-2: Base on Balls
Batting: LHB Pedro Gutiérrez 0-0: Called Strike
Willie McGirt is caught stealing 2nd base
0-1: Ground out U3 (Groundball, 34)
Top of the 7th over - 0 run(s), 0 hit(s), 0 error(s), 0 left on base; Galesburg 0 - Put-In-Bay 4
BOTTOM OF THE 7TH
Put-In-Bay BC batting - Pitching for Galesburg Guzzlers : RHP Tony DeWitt
Pitching: RHP Geoff Stackhouse
Batting: RHB Juan Tellado 0-0: Ball
1-0: Foul Ball, location: 2F
1-1: Swinging Strike
1-2: Ball
2-2: Strikes out looking
Batting: SHB Theron Montecalvo 0-0: SINGLE (Groundball, 34S) (infield hit)
Batting: RHB Alejandro Márquez 0-0: Ball
1-0: Ball
Throwing error on steal attempt, E2
Theron Montecalvo to third
2-0: Intentional Walk
Batting: RHB Brock Dean 0-0: Called Strike
0-1: Ball
Wild Pitch!
Theron Montecalvo scores
Alejandro Márquez to second
1-1: Ball
2-1: Fly out, F4 (Line Drive, 4MD)
Lined into DP, 4-6 (Line Drive, 4MD)
Bottom of the 7th over - 1 run(s), 1 hit(s), 1 error(s), 0 left on base; Galesburg 0 - Put-In-Bay 5
TOP OF THE 8TH
Galesburg Guzzlers batting - Pitching for Put-In-Bay BC : RHP Barry Mullen
Batting: RHB Bastiaan Pieterse 0-0: Called Strike
0-1: Ground out 6-3 (Groundball, 6)
Batting: RHB Pacu Martic 0-0: Ball
1-0: Called Strike
1-1: Ball
2-1: Called Strike
2-2: Foul Ball, location: 2F
2-2: Ball
3-2: Fly out, F9 (Flyball, 9S)
Batting: RHB Derek Bouch 0-0: Ball
1-0: Ground out 6-3 (Groundball, 6)
Top of the 8th over - 0 run(s), 0 hit(s), 0 error(s), 0 left on base; Galesburg 0 - Put-In-Bay 5
BOTTOM OF THE 8TH
Put-In-Bay BC batting - Pitching for Galesburg Guzzlers : RHP Geoff Stackhouse
Batting: LHB Vladya Pugiev 0-0: Ball
1-0: Called Strike
1-1: Called Strike
1-2: Strikes out swinging
Batting: RHB Mike Elzey 0-0: Ball
1-0: Ball
2-0: Fly out, F8 (Flyball, 8LM)
Batting: RHB Steven Rohrs 0-0: Ball
1-0: Called Strike
1-1: Foul Ball, location: 2F
1-2: Ball
2-2: Ball
3-2: Strikes out swinging
Bottom of the 8th over - 0 run(s), 0 hit(s), 0 error(s), 0 left on base; Galesburg 0 - Put-In-Bay 5
TOP OF THE 9TH
Galesburg Guzzlers batting - Pitching for Put-In-Bay BC : RHP Barry Mullen
Now at 3B: Ben Boston
Batting: RHB Sébastien Bernard 0-0: Ball
1-0: Ball
2-0: Ground out 6-3 (Groundball, 6M)
Batting: RHB Jack Stidston 0-0: Called Strike
0-1: Foul Ball, location: 2F
0-2: Foul Ball, location: 2F
0-2: Strikes out looking
Batting: SHB Billy Dotson 0-0: Ball
1-0: Fly out, F8 (Flyball, 8LM)
Top of the 9th over - 0 run(s), 0 hit(s), 0 error(s), 0 left on base; Galesburg 0 - Put-In-Bay 5
Friday, August 18th, 2017 - OOTP Baseball 17.12 Build 75